 Dungeon Crawl Stone Soup version 0.30-a0-702-gdf48620a09 (webtiles) character file.

Game seed: 10445916744082064250

53 OTABOTABOTAB the Vexing (level 3, -4/28 HPs)
             Began as a Gnoll Hexslinger on Jan 22, 2023.
             Slain by Sigmund
             ... wielding a +0 scythe
              (5 damage)
             ... on level 2 of the Dungeon.
             The game lasted 00:02:06 (863 turns).

OTABOTABOTAB the Vexing (Gnoll Hexslinger)           Turns: 863, Time: 00:02:07

Health: -4/28      AC:  5    Str:  9    XL:     3   Next: 89%
Magic:  7/7        EV: 13    Int: 12    God:
Gold:   36         SH:  0    Dex: 14    Spells: 6/7 levels left

rFire   . . .      SeeInvis .    a - +2 sling
rCold   . . .      Faith    .    (no shield)
rNeg    . . .      Spirit   .    c - +0 robe
rPois   .          Reflect  .    i - +2 hat
rElec   .          Harm     .    (no cloak)
rCorr   .          Rampage  .    (no gloves)
Will    .....                    e - +0 pair of boots
Stlth   ++                       (no amulet)
HPRegen 0.24/turn                (no ring)
MPRegen 0.10/turn                (no ring)

@: no status effects
A: fangs 1, strong nose, distributed training
a: no special abilities


You were on level 2 of the Dungeon.
You visited 1 branch of the dungeon, and saw 2 of its levels.

You collected 36 gold pieces.

Inventory:

Hand Weapons
 a - a +2 sling (weapon)
Missiles
 f - 4 poisoned darts
 s - 10 stones
Armour
 c - a +0 robe (worn)
 e - a +0 pair of boots (worn)
   (You found it on level 1 of the Dungeon)
 i - a +2 hat (worn)
   (You found it on level 2 of the Dungeon)
Scrolls
 b - a scroll of poison {!r}
 j - a scroll of teleportation {unknown}
 E - a scroll of fear
Potions
 d - a potion of degeneration {unknown}
 g - a potion of cancellation {unknown}
 h - a potion of curing {unknown}


   Skills:
 + Level 2.7 Fighting
 + Level 1.0 Short Blades
 + Level 1.0 Long Blades
 + Level 1.0 Axes
 + Level 1.0 Maces & Flails
 + Level 1.0 Polearms
 + Level 1.0 Staves
 + Level 4.6 Ranged Weapons
 + Level 1.0 Throwing
 + Level 1.0 Armour
 + Level 4.6 Dodging
 + Level 1.0 Stealth
 + Level 1.0 Shields
 + Level 1.0 Unarmed Combat
 + Level 2.9 Spellcasting
 + Level 0.7 Conjurations
 + Level 5.4 Hexes
 + Level 0.7 Summonings
 + Level 0.7 Necromancy
 + Level 0.7 Translocations
 + Level 0.7 Transmutations
 + Level 0.7 Fire Magic
 + Level 0.7 Ice Magic
 + Level 0.7 Air Magic
 + Level 0.7 Earth Magic
 + Level 0.7 Poison Magic
 + Level 1.1 Invocations
 + Level 1.0 Evocations


You had 6 spell levels left.
You knew the following spells:

 Your Spells              Type           Power      Damage    Failure   Level
s - Slow                  Hex            56%        N/A       2%          1

Your spell library contained the following spells:

 Spells                   Type           Power      Damage    Failure   Level
 Inner Flame              Hex/Fire       9%         N/A       21%         3
 Portal Projectile        Hex/Tloc       18%        N/A       21%         3
 Cause Fear               Hex            7%         N/A       26%         4
 Gell's Gravitas          Tloc           3%         N/A       50%         3
 Teleport Other           Tloc           3%         N/A       50%         3
 Dispersal                Tloc           1%         N/A       100%        6


Dungeon Overview and Level Annotations

Branches:
Dungeon (2/15)

Altars:
Nemelex Xobeh

Shops:
D:1 !

Annotations:
D:2 Sigmund


Innate Abilities, Weirdness & Mutations

You have very sharp teeth.
Your uncanny sense of smell can sniff out nearby items.
Your experience applies equally to all skills.


Message History

You shoot a sling bullet.
The sling bullet completely misses the hobgoblin.
The hobgoblin hits you.
You take 4 damage, and have 24/28 hp.
You shoot a sling bullet.
The sling bullet closely misses the hobgoblin.
The hobgoblin misses you.
You shoot a sling bullet. The sling bullet hits the hobgoblin!
You kill the hobgoblin!
No target in view!
f - 4 poisoned darts (gained 2) Health restored: 28 A quokka comes into view.
You shoot a sling bullet.
The sling bullet closely misses the quokka.
You shoot a sling bullet.
The sling bullet hits the quokka but does no damage.
You shoot a sling bullet. The sling bullet hits the quokka.
You shoot a sling bullet. The sling bullet hits the quokka!
You kill the quokka!
No target in view!
No target in view!
E - a scroll of fear
i - a +2 hat
Found a stone staircase leading up.
You start putting on your armour.
You continue putting on your +2 hat. x4
You finish putting on your +2 hat.
j - a scroll labelled CASUPL GUMNU
There is a stone staircase leading up here.
Sigmund the Dreaded comes into view.
He is wielding a +0 scythe and wearing a +2 robe of resistance.
Sigmund shouts!
Okay, then.
Okay, then.
Aim: Sigmund, wielding a +0 scythe and wearing a +2 robe of resistance (chance to affect: 56%) Sigmund resists with significant effort.
You now have 6/7 mp.
Aim: Sigmund, wielding a +0 scythe and wearing a +2 robe of resistance (chance to affect: 56%) Sigmund seems to slow down.
Sigmund drinks a potion.
Sigmund seems to speed up.
You now have 5/7 mp.
You shoot a sling bullet. The sling bullet hits Sigmund.
You shoot a sling bullet.
The sling bullet closely misses Sigmund.
Sigmund closely misses you.
You shoot a sling bullet. The sling bullet hits Sigmund.
Sigmund's eyes start glowing with a red light.
Sigmund closely misses you.
You shoot a sling bullet. The sling bullet hits Sigmund.
Sigmund closely misses you.
You shoot a sling bullet.
The sling bullet hits Sigmund but does no damage.
Sigmund gestures wildly while chanting.
Sigmund flickers and vanishes!
Deactivating autopickup; reactivate with Ctrl-A.
No target in view!
No target in view!
No target in view!
Unknown command.
You hear some strange, mumbled words.
Something tries to affect you, but you resist.
Something hits you.
You take 6 damage, and have 22/28 hp.
MASSIVE DAMAGE!!
A magic dart appears from out of thin air!
The magic dart hits you.
You take 5 damage, and have 18/28 hp.
A magic dart appears from out of thin air!
The magic dart hits you!
You take 7 damage, and have 11/28 hp.
MASSIVE DAMAGE!!
Fire: a) +2 sling You shoot a sling bullet.
Fire: a) +2 sling You shoot a sling bullet.
Something hits you. Something hits you but does no damage.
You take 1 damage, and have 11/28 hp.
MP restored: 7 Fire: a) +2 sling You shoot a sling bullet.
Something hits you!
* * * LOW HITPOINT WARNING * * *
You take 7 damage, and have 4/28 hp.
MASSIVE DAMAGE!!
Fire: a) +2 sling You shoot a sling bullet.
You hear some strange, mumbled words.
Something tries to affect you, but you resist.
Fire: a) +2 sling You shoot a sling bullet.
Something hits you.
* * * LOW HITPOINT WARNING * * *
You take 4 damage, and have 1/28 hp.
Fire: a) +2 sling You shoot a sling bullet.
Something completely misses you.
Fire: a) +2 sling You shoot a sling bullet.
Something barely misses you. Something hits you.
You die...

#.######.###.......
#.##....## ##..#### ###
#.##.#.#.###.#.# ##<##
#.##.#.#..#.##.#
##.#.###.##.#.#.#.###.#
##.###.##.##.#.#.### #.#
##.## ##....#.#.#.## #.#
#.## ##..........## #.#
##.## ##...@........#
#.#
##.###..###.##.##..###.#
##.#.#.# #.##.........#
##....# #.#####..#####
#.#### #.# #..# #.# #.#
#..# #.######.# #..#
#......#.# #..#
#.#.....?. #..#


There were no monsters in sight!

Vanquished Creatures
  An adder (D:2)
  A worm (D:2)
  A dart slug (D:1)
  5 endoplasms (D:1)
  2 giant cockroaches (D:1)
  4 goblins
  3 hobgoblins
  2 kobolds (D:1)
  2 quokkas
  4 ball pythons (D:1)
  4 bats (D:1)
  3 frilled lizards (D:1)
  5 rats (D:1)
37 creatures vanquished.

Notes
Turn   | Place    | Note
-------+----------+-------------------------------------------
     0 | D:1      | OTABOTABOTAB the Gnoll Hexslinger began the quest for the
                  | Orb.
     0 | D:1      | Reached XP level 1. HP: 17/17 MP: 4/4
   110 | D:1      | Reached XP level 2. HP: 23/23 MP: 5/5
   341 | D:1      | Reached XP level 3. HP: 28/28 MP: 7/7
   397 | D:1      | Found Duphij's Distillery.
   490 | D:1      | Reached skill level 1 in Invocations
   577 | D:1      | Found a sparkling altar of Nemelex Xobeh.
   596 | D:2      | Reached skill level 1 in Short Blades
   596 | D:2      | Reached skill level 1 in Long Blades
   596 | D:2      | Reached skill level 1 in Axes
   596 | D:2      | Reached skill level 1 in Maces & Flails
   596 | D:2      | Reached skill level 1 in Polearms
   596 | D:2      | Reached skill level 1 in Staves
   596 | D:2      | Reached skill level 1 in Throwing
   596 | D:2      | Reached skill level 1 in Armour
   596 | D:2      | Reached skill level 1 in Stealth
   596 | D:2      | Reached skill level 1 in Shields
   596 | D:2      | Reached skill level 1 in Unarmed Combat
   596 | D:2      | Reached skill level 1 in Evocations
   839 | D:2      | Noticed Sigmund
   859 | D:2      | HP: 4/28 [something (7)]
   861 | D:2      | HP: 1/28 [something (4)]
   863 | D:2      | Slain by Sigmund

Illustrated notes

Levels and vault maps discovered:
D:1:      dpeg_arrival_water_altar, layout_basic, serial_shops, shop_fountains
D:2:      layout_loops_ring, uniq_crazy_yiuf_cottage, uniq_sigmund, uniq_robin

Skill      XL: |  1  2  3 |
---------------+----------+-----
Invocations    | 1 |  1.1
Short Blades   | 1 |  1.0
Long Blades    | 1 |  1.0
Axes           | 1 |  1.0
Maces & Flails | 1 |  1.0
Polearms       | 1 |  1.0
Staves         | 1 |  1.0
Throwing       | 1 |  1.0
Armour         | 1 |  1.0
Stealth        | 1 |  1.0
Shields        | 1 |  1.0
Unarmed Combat | 1 |  1.0
Evocations     | 1 |  1.0
Fighting       | |  2.7
Ranged Weapons | |  4.6
Dodging        | |  4.6
Spellcasting   | |  2.9
Conjurations   | |  0.7
Hexes          | |  5.4
Summonings     | |  0.7
Necromancy     | |  0.7
Translocations | |  0.7
Transmutations | |  0.7
Fire Magic     | |  0.7
Ice Magic      | |  0.7
Air Magic      | |  0.7
Earth Magic    | |  0.7
Poison Magic   | |  0.7

Action                   || total
-------------------------++-------
 Fire: Sling             ||   122
 Cast: Slow              ||     2
  Use: Scroll            ||     3
Armor: Robe              ||    10
Dodge: Dodged            ||    25

Table legend: (Time is in decaauts)
 A = Elapsed time spent in this place.
 B = Non-inter-level travel time spent in this place.
 C = Inter-level travel time spent in this place.
 D = Time resting spent in this place.
 E = Time spent auto-exploring this place.
 F = Levels seen in this place.
 G = Mean time per level.
                   A        B        C        D        E       F      G
               +--------+--------+--------+--------+--------+-----+--------+
         Total |    887 |    876 |     11 |      0 |    656 |   2 |  443.5 |
       Dungeon |    887 |    876 |     11 |      0 |    656 |   2 |  443.5 |
               +--------+--------+--------+--------+--------+-----+--------+

Top non-repeatable levels by time:
     D:1: 610 daAuts
     D:2: 276 daAuts

Table legend:
 A = Kills in this place as a percentage of kills in entire the game.
 B = Kills by you in this place as a percentage of kills by you in the entire game.
 C = Kills by friends in this place as a percentage of kills by friends in the entire game.
 D = Other kills in this place as a percentage of other kills in the entire game.
 E = Experience gained in this place as a percentage of experience gained in the entire game.
 F = Experience gained in this place divided by the number of levels of this place that you have seen.
                   A       B       C       D       E      F
               +-------+-------+-------+-------+-------+----------------------
         Total | 100.0 | 100.0 |   N/A |   N/A | 100.0 |  38.5
       Dungeon | 100.0 | 100.0 |   N/A |   N/A | 100.0 |  38.5
               +-------+-------+-------+-------+-------+----------------------
